 Dungeon Crawl Stone Soup version 0.30.1-4-g462c640d31 (webtiles) character file.

Game seed: 13607181568843644934

13258 rddays123 the Fighter (level 11, 0/94 HPs)
             Began as a Minotaur Fighter on Aug 20, 2023.
             Was a Believer of Hepliaklqana.
             Killed from afar by Lodul (24 damage)
             ... with a bolt of lightning
             ... on level 11 of the Dungeon.
             The game lasted 00:23:46 (8542 turns).

rddays123 the Fighter (Minotaur Fighter)            Turns: 8542, Time: 00:23:49

Health: 0/94       AC: 16    Str: 25    XL:     11   Next: 73%
Magic:  15/15      EV:  7    Int:  5    God:    Hepliaklqana [**....]
Gold:   342        SH:  7    Dex: 10    Spells: 10/10 levels left

rFire   . . .        a - +0 war axe
rCold   . . .        y - +1 buckler of the Monkey's Uncle {Drain rPois Will++ Regen+}
rNeg    . . .        I - +0 plate armour
rPois   +            (helmet restricted)
rElec   .            s - scarf {repulsion}
rCorr   .            O - +0 pair of gloves
SInv    .            (no boots)
Will    ++...        q - amulet of the acrobat Stlth
                     (no ring)
HPRegen 1.15/turn    (no ring)
MPRegen 0.14/turn

%: repel missiles, acrobat
@: no status effects
A: reduced essence, horns 2, retaliatory headbutt
a: Renounce Religion, Recall Ancestor, Ancestor Identity


You were on level 11 of the Dungeon.
You worshipped Hepliaklqana.
Hepliaklqana was pleased with you.
You visited 1 branch of the dungeon, and saw 12 of its levels.

You collected 632 gold pieces.
You spent 290 gold pieces at shops.

Inventory:

Hand Weapons
 a - a +0 war axe (weapon)
Missiles
 D - 6 throwing nets (quivered)
Armour
 b - a +0 scale mail
 c - a +0 buckler
 s - a scarf of repulsion (worn)
 u - the +4 ring mail "Xocameuh" {rF+++ rC+ Str-2 Slay+6}
   (You found it on level 5 of the Dungeon)

   Str:       It affects your strength (-2).
   Slay:      It affects your accuracy & damage with ranged weapons and melee
   (+6).
   rF:        It renders you almost immune to fire.
   rC:        It protects you from cold.
 y - the +1 buckler of the Monkey's Uncle (worn) {Drain rPois Will++ Regen+}
   (You found it on level 6 of the Dungeon)

   rPois:     It protects you from poison.
   Regen:     It increases your rate of health regeneration.
   Drain:     It drains your maximum health when unequipped.
   Will:      It greatly increases your willpower.
 E - +0 steam dragon scales
 I - a +0 plate armour (worn)
 O - a +0 pair of gloves (worn)
Jewellery
 p - an amulet of guardian spirit
 q - an amulet of the acrobat (around neck)
 v - a ring of wizardry
 C - a ring of protection from cold
 F - a +6 ring of intelligence
 H - a ring of ice
 M - an amulet of magic regeneration
 R - a ring of protection from fire
Wands
 m - a wand of iceblast (18)
Scrolls
 e - 2 scrolls of fog
 k - 4 scrolls of noise
 l - 6 scrolls of vulnerability
 n - a scroll of teleportation
 o - 3 scrolls of amnesia
 r - a scroll of enchant weapon
 w - a scroll of enchant armour
 A - a scroll of summoning {unknown}
 J - a scroll of fear {unknown}
 K - a scroll of blinking
 N - a scroll of brand weapon {unknown}
 Q - 2 scrolls of poison {unknown}
 S - a scroll of magic mapping {unknown}
Potions
 d - 7 potions of might
 f - 2 potions of invisibility
 g - a potion of magic
 h - 5 potions of degeneration
 i - 2 potions of brilliance
 j - 2 potions of curing
 t - a potion of haste
 x - 2 potions of lignification {unknown}
 z - a potion of ambrosia
 B - 4 potions of heal wounds
 G - 2 potions of flight {unknown}
 L - a potion of berserk rage {unknown}
 P - 2 potions of cancellation {unknown}


   Skills:
 + Level 12.4 Fighting
 + Level 12.2 Axes
 - Level 10.2 Armour
 - Level 9.3 Shields
 + Level 7.0 Invocations


You had 10 spell levels left.
You didn't know any spells.
Your spell library contained the following spells:

 Spells                   Type           Power      Damage    Failure   Level
 Foxfire                  Conj/Fire      0%         2x1d4     99%         1
 Freeze                   Ice            0%         1d3       99%         1
 Magic Dart               Conj           0%         1d3       99%         1
 Summon Small Mammal      Summ           0%         N/A       99%         1
 Call Imp                 Summ           0%         N/A       100%        2
 Poisonous Vapours        Pois/Air       0%         N/A       100%        2
 Searing Ray              Conj           0%         2d4       100%        2
 Call Canine Familiar     Summ           0%         N/A       100%        3
 Dazzling Flash           Conj/Hex       0%         N/A       100%        3
 Frozen Ramparts          Ice            0%         1d1       100%        3
 Hailstorm                Conj/Ice       0%         3d3       100%        3
 Ignite Poison            Fire/Tmut/Pois 0%         N/A       100%        3
 Mephitic Cloud           Conj/Pois/Air  0%         N/A       100%        3
 Summon Guardian Golem    Hex/Summ       0%         N/A       100%        3
 Volatile Blastmotes      Fire/Tloc      0%         2d10      100%        3
 Fulminant Prism          Conj/Hex       0%         3d5       100%        4
 Iskenderun's Mystic Bla  Conj/Tloc      0%         2d3       100%        4
 Sticky Flame             Conj/Fire      0%         2d3       100%        4
 Fireball                 Conj/Fire      0%         3d3       100%        5
 Freezing Cloud           Conj/Ice/Air   0%         6-21      100%        5
 Plasma Beam              Fire/Air       0%         2x1d11    100%        6
 Starburst                Conj/Fire      0%         6d3       100%        6
 Ignition                 Fire           0%         3d3       100%        8


Dungeon Overview and Level Annotations

Branches:
Dungeon (12/15)            Temple (0/1) D:7            Lair (0/5) D:10
    Orc: D:9-12

Altars:
Cheibriados
Dithmenos
Hepliaklqana
Makhleb
Nemelex Xobeh
Qazlal
Sif Muna
Uskayaw
Xom
Yredelemnul
The Shining One

Shops:
D:1 *=*[   D:4 ?   D:7 *   D:9 !

Annotations:
D:3 2 transporters, Stellion's ghost, amateur HOFi
D:4 Grinder
D:10 3 runed translucent doors, safid's ghost, journeyman MfIE
D:11 Lodul


Innate Abilities, Weirdness & Mutations

Your life essence is reduced to manifest your ancestor. (-10% HP)
You have a pair of horns on your head.
You reflexively headbutt those who attack you in melee.


Message History

Safid's ghost whispers, "Trust me.
Just give in."
Found a +0 leather armour.
Found a +0 club.
The orc shouts!
You swap places.
Safid's ghost whispers, "Soon you will have time, lots of time..."
(D) Dungeon (T) Temple (L) Lair
Where to? (Enter - D:10, ? - help)
There is an open door here.
There is a stone staircase leading down here.
You climb downwards.
Level annotation: Lodul The ogre hits you with a +0 giant club!
There is a stone staircase leading up here.
You slash the ogre!
The ogre is heavily wounded.
You closely miss the ogre.
Nkonkoni hits the ogre with a +0 flail!
Electricity crackles from Lodul's apparatus.
The bolt of lightning hits you!!
You slash the ogre!
You kill the ogre!
You hit the ogre but do no damage. You barely miss the ogre.
An ogre comes into view. It is wielding a +0 giant club.
The ogre hits you but does no damage. x2
Unknown command.
You slice the ogre!! You headbutt the ogre!
The ogre is almost dead.
You closely miss the ogre. You barely miss the ogre.
The ogre hits you with a +0 giant club!
Electricity crackles from Lodul's apparatus.
The bolt of lightning hits you!!
* * * LOW HITPOINT WARNING * * *
An ogre comes into view. It is wielding a +0 giant spiked club.
The ogre shouts!
Nkonkoni barely misses the ogre.
You block the ogre's attack. The ogre hits you with a +0 giant club.
* * * LOW HITPOINT WARNING * * *
Electricity crackles from Lodul's apparatus.
The bolt of lightning hits you!!
You die...

#..# #..#
#OO# #O.#
#..# #O.# #
#>.#
#.#OO#.####
#.@O......
#.#R.######
###..# ..$#
#^## #[#
#.# #.#


You could see the friendly Nkonkoni the knight, Lodul and 6 ogres.

Vanquished Creatures
  Harold (D:10)
  Pikel (D:6)
  An elephant (D:10)
  Joseph (D:8)
  A troll (D:8)
  Prince Ribbit (D:8)
  2 shadows (D:9)
  18 yaks
  2 wyverns
  A basilisk (D:10)
  Eustachio (D:6)
  Grum (D:8)
  A steam dragon (D:8)
  An acid dragon (D:10)
  A water moccasin (D:6)
  Duvessa (D:4)
  3 hornet zombies (D:8)
  5 ice beasts
  2 orc warriors
  2 black bears
  5 ogres
  2 wolves (D:8)
  A centaur (D:6)
  2 phantoms
  A lemure (D:6)
  2 kobold brigands
  A wyvern zombie (D:8)
  A bullfrog (D:7)
  A gnoll sergeant (D:9)
  A scorpion (D:6)
  6 wights
  Dowan (D:4)
  9 killer bees
  A howler monkey (D:6)
  5 crimson imps (D:7)
  2 centaur zombies (D:8)
  2 hounds
  5 orc priests
  2 gnoll boudas (D:6)
  2 jellies
  3 iguanas
  11 orc wizards
  2 killer bee zombies (D:8)
  11 gnolls
  11 adders
  A shadow imp (D:6)
  4 white imps
  An ufetubus (D:6)
  5 dart slugs
  32 orcs
  3 endoplasms
  3 giant cockroaches
  9 goblins
  8 hobgoblins
  4 quokkas
  4 ball pythons
  3 bats
  2 frilled lizards
  7 kobolds
  A rat (D:3)
224 creatures vanquished.

Vanquished Creatures (collateral kills)
  Gastronok (D:8)
  A two-headed ogre (D:10)
  A hornet (D:7)
  A wraith (D:10)
  2 yaks (D:9)
  A basilisk (D:10)
  An orc warrior (D:7)
  A wolf (D:8)
  A wight (D:9)
  An orc priest (D:8)
  A gnoll (D:9)
  An orc (D:8)
  A kobold (D:8)
14 creatures vanquished.

Vanquished Creatures (others)
  5 dream sheep (D:3)
  A crimson imp (D:7)
  4 ancestors
10 creatures vanquished.

Grand Total: 248 creatures vanquished

Notes
Turn   | Place    | Note
-------+----------+-------------------------------------------
     0 | D:1      | rddays123 the Minotaur Fighter began the quest for the Orb.
     0 | D:1      | Reached XP level 1. HP: 19/19 MP: 0/0
    29 | D:1      | Found Suseggusuz's Armour Shop.
   137 | D:1      | Found Duasho's Jewellery Shop.
   300 | D:1      | Found Mixzen's Assorted Antiques.
   359 | D:1      | Reached XP level 2. HP: 27/27 MP: 1/1
   400 | D:1      | Found Nawemuqei's Assorted Antiques.
   808 | D:2      | Reached XP level 3. HP: 33/33 MP: 2/2
  1037 | D:2      | Noticed a phantom
  1043 | D:2      | Killed a phantom
  1044 | D:2      | Reached XP level 4. HP: 41/41 MP: 3/3
  1323 | D:2      | Reached XP level 5. HP: 42/47 MP: 4/4
  1370 | D:3      | Found a snail-covered altar of Cheibriados.
  1503 | D:3      | Found a transporter.
  1506 | D:3      | Noticed Stellion's ghost (amateur HOFi)
  1513 | D:3      | Found a transporter.
  1594 | D:3      | Noticed a dream sheep
  1594 | D:3      | Noticed a dream sheep
  1594 | D:3      | Noticed a dream sheep
  1594 | D:3      | Noticed a dream sheep
  1594 | D:3      | Noticed a dream sheep
  1594 | D:3      | Found a shimmering altar of Xom.
  1598 | D:3      | Killed a dream sheep
  1598 | D:3      | Killed a dream sheep
  1598 | D:3      | Killed a dream sheep
  1598 | D:3      | Killed a dream sheep
  1598 | D:3      | Killed a dream sheep
  2117 | D:3      | Reached skill level 5 in Armour
  2117 | D:3      | Reached skill level 5 in Shields
  2119 | D:3      | Reached skill level 5 in Fighting
  2428 | D:3      | Found a hide-covered altar of Uskayaw.
  2531 | D:4      | Found Otanius's Magic Scroll Shop.
  2537 | D:4      | Bought a scroll of identify for 20 gold pieces
  2537 | D:4      | Bought a scroll of identify for 20 gold pieces
  2537 | D:4      | Bought a scroll of identify for 20 gold pieces
  2537 | D:4      | Bought a scroll of identify for 20 gold pieces
  2647 | D:4      | Noticed Duvessa
  2648 | D:4      | Noticed Dowan
  2665 | D:4      | Killed Duvessa
  2666 | D:4      | Reached XP level 6. HP: 25/56 MP: 5/5
  2813 | D:4      | Killed Dowan
  3129 | D:4      | Noticed Grinder
  3145 | D:4      | Paralysed by Grinder for 3 turns
  3397 | D:5      | Entered Level 5 of the Dungeon
  3397 | D:5      | Noticed an ice beast
  3401 | D:5      | Killed an ice beast
  3402 | D:5      | Reached skill level 5 in Axes
  3402 | D:5      | Reached XP level 7. HP: 62/62 MP: 6/6
  3429 | D:5      | Identified the +4 ring mail "Xocameuh" {rF+++ rC+ Str-2
                  | Slay+6}
  3902 | D:6      | Identified the +1 buckler of the Monkey's Uncle {Drain
                  | rPois Will++ Regen+}
  3945 | D:6      | Reached XP level 8. HP: 71/71 MP: 7/7
  3976 | D:6      | Noticed Pikel
  3984 | D:6      | Killed Pikel
  3986 | D:6      | Noticed Eustachio
  3997 | D:6      | Killed Eustachio
  4307 | D:6      | Reached XP level 9. HP: 81/81 MP: 8/8
  4697 | D:6      | Found a hazy altar of Hepliaklqana.
  4706 | D:6      | Became a worshipper of Hepliaklqana the Forgotten
  4776 | D:7      | Found Wuiffymu's Elemental Accessories.
  4890 | D:7      | Reached * piety under Hepliaklqana
  4964 | D:7      | Found a staircase to the Ecumenical Temple.
  5433 | D:8      | Found a glowing golden altar of the Shining One.
  5433 | D:8      | Noticed Joseph
  5434 | D:8      | Noticed Grum
  5448 | D:8      | Killed Grum
  5530 | D:8      | Noticed Prince Ribbit
  5628 | D:8      | Reached skill level 1 in Invocations
  5628 | D:8      | Reached XP level 10. HP: 77/81 MP: 9/9
  5648 | D:8      | Killed Prince Ribbit
  5783 | D:8      | Killed Joseph
  5903 | D:8      | Noticed Gastronok
  6123 | D:8      | Reached skill level 10 in Fighting
  6123 | D:8      | Reached skill level 10 in Armour
  6325 | D:8      | Killed Gastronok
  6326 | D:8      | Reached skill level 10 in Axes
  6364 | D:8      | Found a basalt altar of Yredelemnul.
  6586 | D:8      | Reached XP level 11. HP: 91/91 MP: 13/13
  6601 | D:8      | Reached skill level 5 in Invocations
  6688 | D:9      | You fall into a shaft and drop 3 floors!
  6696 | D:11     | Noticed Lodul
  6700 | D:10     | Entered Level 10 of the Dungeon
  6754 | D:9      | HP: 4/91 [yak (10)]
  6826 | D:9      | Found Peafuc's Distillery.
  6829 | D:9      | Reached ** piety under Hepliaklqana
  6832 | D:9      | Bought a potion of heal wounds for 70 gold pieces
  6832 | D:9      | Bought a potion of heal wounds for 70 gold pieces
  6832 | D:9      | Bought a potion of heal wounds for 70 gold pieces
  6847 | D:9      | Remembered your ancestor Nkonkoni as a knight
  7040 | D:9      | Found a sparkling altar of Nemelex Xobeh.
  7047 | D:9      | Found a burning altar of Makhleb.
  7343 | D:9      | Found a shimmering blue altar of Sif Muna.
  7751 | D:10     | Noticed safid's ghost (journeyman MfIE)
  7753 | D:10     | Found a runed translucent gate.
  7758 | D:10     | Found a runed translucent gate.
  7759 | D:10     | Found a runed translucent gate.
  7782 | D:10     | Noticed a two-headed ogre
  7794 | D:10     | Killed a two-headed ogre
  7801 | D:10     | Found a staircase to the Lair.
  7978 | D:10     | Found a stormy altar of Qazlal.
  8316 | D:10     | Noticed Harold
  8327 | D:10     | Killed Harold
  8338 | D:10     | Found a shadowy altar of Dithmenos.
  8542 | D:11     | Killed from afar by Lodul

Illustrated notes

Levels and vault maps discovered:
D:1:      minmay_arrival_wavy_path, layout_loops_cross, serial_shops, shop,
          nicolae_shop_dealshenge, shop, nicolae_shop_behind_doors,
          wad_floor_pattern_2, serial_bayou_lagoon_b
D:2:      layout_loops_cross
D:3:      layout_basic, lemuel_tele_altar, lemuel_round_altar,
          kb_xom_exploding_sheep, gammafunk_ghost_mausoleum
D:4:      minmay_wonky_spiral, layout_rooms, minmay_stone_trees_medium,
          nicolae_stop_n_shop_1, uniq_grinder, uniq_duvessa
D:5:      layout_cave_pools
D:6:      minmay_chambers_of_threes, layout_basic,
          worldfamousw_hep_ancestral_shrine, st_stairs_3,
          hangedman_abyss_or_decor_stagger, uniq_eustachio, uniq_pikel
D:7:      layout_basic, minmay_temple_entry_mini_moons, nicolae_elemental_shop,
          minmay_nine_imps
D:8:      nicolae_BIG_FREAKIN_CUBE, layout_loops_cross,
          nicolae_yredelemnul_corpse_copse, tso_metal_star, special_room
          [special_room_orc], minmay_misc_feat_ornament, uniq_gastronok,
          uniq_joseph, uniq_prince_ribbit1, uniq_grum
D:9:      layout_loops_corners, led_sif_pool,
          chequers_temple_overflow_statue_of_worship, serial_shops,
          nicolae_shop_just_a_little_nook
D:10:     layout_loops_corners, nicolae_dithmenos_through_a_glass_darkly,
          mainiacjoe_overflow_alcove_1, david_lair_generic,
          biasface_ghost_orc_armoury, nicolae_elevator_lobby_plus, uniq_harold
D:11:     layout_loops_ring, orc_0_dummy, minmay_bent, uniq_lodul, uniq_sonja,
          uniq_snorg
D:12:     layout_cave_pools, serial_shops, kennysheep_mini, laboratory

Skill      XL: |  1  2  3  4  5  6  7  8  9 10 11 |
---------------+----------------------------------+-----
Fighting       | 4 5 6 7 9 11 12 | 12.4
Armour         | 4 5 6 7 9 10 | 10.2
Shields        | 4 5 6 8 9 |  9.3
Axes           | 3 4 5 6 7 9 10 12 | 12.2
Invocations    | 1 4 7 |  7.0

Action                     |  1- 3 |  4- 6 |  7- 9 | 10-12 || total
---------------------------+-------+-------+-------+-------++-------
  Melee: War axe           |    53 |    95 |   170 |   306 ||   624
         Headbutt          |     6 |     9 |    27 |    80 ||   122
 Invoke: Recall Ancestor   |       |       |       |     1 ||     1
         Ancestor Life: Kn |       |       |       |     1 ||     1
    Use: Scroll            |       |    10 |     6 |     2 ||    18
         Potion            |       |     1 |       |     1 ||     2
 Armour: Scale mail        |    21 |    57 |     2 |       ||    80
         Ring mail         |       |       |    53 |    19 ||    72
         Plate armour      |       |       |       |    74 ||    74
  Dodge: Dodged            |    25 |    45 |    96 |    96 ||   262
  Block: Buckler           |     9 |    23 |    62 |    83 ||   177
